 Dungeon Crawl Stone Soup version 0.22-a0-162-g33bf1272b0 (webtiles) character file.

3209 Ordine the Magician (level 9, -8/47 HPs)
             Began as a Deep Elf Wizard on Feb 12, 2018.
             Was a Believer of Sif Muna.
             Mangled by Execuda's ghost (25 damage)
             ... on level 8 of the Dungeon.
             The game lasted 00:34:12 (8248 turns).

Ordine the Magician (Deep Elf Wizard)               Turns: 8248, Time: 00:34:13

Health: -8/47      AC:  6    Str:  4    XL:     9   Next: 65%
Magic:  20/31      EV: 15    Int: 27    God:    Sif Muna [**....]
Gold:   358        SH:  0    Dex: 13    Spells: 11/22 levels left

rFire    . . .     SeeInvis .   y - +2 whip (elec)
rCold    . . .     Gourm    .   (no shield)
rNeg     . . .     Faith    .   a - +0 robe
rPois    +         Spirit   .   f - +1 helmet
rElec    .         Reflect  .   r - +1 cloak {MR+}
rCorr    .         Harm     .   (no gloves)
MR       +....                  (no boots)
Stlth    +++.......             k - amulet of the acrobat
HPRegen  0.15/turn              A - ring of poison resistance
MPRegen  0.22/turn              e - ring of magical power

@: no status effects
A: no striking features
a: Divine Energy, Renounce Religion


You were on level 8 of the Dungeon.
You worshipped Sif Muna.
Sif Muna was pleased with you.
You were hungry.

You visited 2 branches of the dungeon, and saw 9 of its levels.

You collected 358 gold pieces.

Inventory:

Hand Weapons
 g - a +1 dagger of holy wrath
 u - the +9 trident "Beetle's Death Toll" {vamp, MR+ Int+3, unknown}
   (You found it on level 4 of the Dungeon)

   It inflicts no extra harm, but heals its wielder when it wounds a living foe.
   It affects your intelligence (+3).
   It affects your resistance to hostile enchantments.
 y - a +2 whip of electrocution (weapon)
Armour
 a - a +0 robe (worn)
 f - a +1 helmet (worn)
 r - a +1 cloak of magic resistance (worn)
Jewellery
 e - a ring of magical power (right hand)
 h - an uncursed ring of protection from fire
 k - an amulet of the acrobat (around neck)
 A - a ring of poison resistance (left hand)
Wands
 v - a wand of iceblast (8)
 C - a wand of acid (11)
Scrolls
 b - 3 scrolls of enchant armour
 l - 2 scrolls of immolation
 o - a scroll of remove curse
 q - a scroll of fear
 s - a scroll of enchant weapon
 z - a scroll of amnesia
 B - a scroll of blinking
 E - 2 scrolls of teleportation
Potions
 i - a potion of berserk rage
 j - 3 potions of mutation
 m - 4 potions of heal wounds
 n - a potion of brilliance
 p - a potion of invisibility
 t - a potion of curing {unknown}
 w - 2 potions of lignification
 x - a potion of resistance
 D - a potion of magic {unknown}
Books
 c - a book of Minor Magic

   Spells                             Type                      Level
   a - Magic Dart                     Conjuration                  1
   b - Blink                          Translocation                2
   c - Call Imp                       Summoning                    2
   d - Slow                           Hexes                        2
   e - Conjure Flame                  Conjuration/Fire             3
   f - Mephitic Cloud                 Conjuration/Poison/Air       3
 F - a book of Flames

   Spells                             Type                      Level
   a - Flame Tongue                   Conjuration/Fire             1
   b - Throw Flame                    Conjuration/Fire             2
   c - Conjure Flame                  Conjuration/Fire             3
   d - Inner Flame                    Hexes/Fire                   3
   e - Sticky Flame                   Conjuration/Fire             4
   f - Fireball                       Conjuration/Fire             5
Comestibles
 d - 13 rations


   Skills:
 + Level 1.0 Fighting
 + Level 5.2 Short Blades
 + Level 5.4 Dodging
 - Level 5.0 Stealth
 + Level 7.4 Spellcasting
 - Level 5.0 Conjurations
 + Level 3.7 Summonings
 - Level 3.0 Translocations
 - Level 5.0 Fire Magic
 - Level 5.0 Air Magic
 * Level 3.3 Poison Magic
 + Level 1.4 Invocations


You had 11 spell levels left.
You knew the following spells:

 Your Spells              Type           Power        Failure   Level  Hunger
a - Magic Dart            Conj           ####         1%          1    None
b - Blink                 Tloc           N/A          2%          2    None
c - Conjure Flame         Conj/Fire      #####...     2%          3    None
d - Mephitic Cloud        Conj/Pois/Air  ####....     2%          3    None
e - Call Imp              Summ           ####....     1%          2    None


Dungeon Overview and Level Annotations

Branches:
Dungeon (8/15)             Temple (1/1) D:5
   Lair: D:8-11

Altars:
Ashenzari
Cheibriados
Dithmenos
Elyvilon
Fedhas
Gozag
Hepliaklqana
Kikubaaqudgha
Makhleb
Nemelex Xobeh
Okawaru
Qazlal
Ru
Sif Muna
Trog
Uskayaw
Vehumet
Wu Jian
Xom
Yredelemnul
Zin
The Shining One

Annotations:
D:7 2 transporters
D:8 Execuda's ghost, novice DsBe


Message History

You hit Execuda's ghost but do no damage.
Lightning courses through Execuda's ghost!
Execuda's ghost is heavily damaged.
Your crimson imp hits Execuda's ghost but does no damage.
Execuda's ghost is engulfed in blazing flames.
Execuda's ghost hits you!!
You hit Execuda's ghost but do no damage.
Execuda's ghost is severely damaged.
Your crimson imp hits Execuda's ghost but does no damage.
Execuda's ghost is engulfed in blazing flames.
Execuda's ghost barely misses you.
Your crimson imp blinks!
Your crimson imp completely misses Execuda's ghost.
You hit Execuda's ghost but do no damage.
Lightning courses through Execuda's ghost!
Execuda's ghost is almost destroyed.
Execuda's ghost is engulfed in blazing flames.
Execuda's ghost hits you!!
Ouch! That really hurt!
You die...

......##.# ..##
###...........# .....
#......).......##...##
............5.....>...
.............#......#
.......... #W.#
..........# #..##
#...)......####5.5#
#.<.......>..@W.#.#
#........#######.#
##.......5## ..
#........5.# ###
#..........#
#........<.#
#......)...#
#..........#
##........##


You could see Execuda's ghost and 2 friendly crimson imps.

Vanquished Creatures
  The ghost of Execuda the Fighter, a novice MiBe of Trog (D:7)
  A water moccasin (D:5)
  Edmund (D:5)
  2 ice beasts (D:5)
  3 phantoms
  2 ogres (D:6)
  2 centaurs
  Blork the orc (D:5)
  3 bullfrogs
  A water moccasin zombie (D:6)
  6 killer bees
  A howler monkey (D:5)
  6 crimson imps
  A jelly (D:5)
  A centaur zombie (D:7)
  3 hounds
  5 orc priests
  A gnoll shaman (D:5)
  3 iguanas
  2 orc wizards
  5 worker ants
  10 gnolls
  7 adders
  A shadow imp (D:6)
  2 oozes
  3 worms
  3 dart slugs
  5 leopard geckos
  19 orcs
  3 ball pythons
  7 bats
  4 giant cockroaches
  8 goblins
  11 hobgoblins
  6 jackals
  4 quokkas
  A frilled lizard (D:2)
  3 kobolds
  2 quokka skeletons (D:6)
  11 rats
161 creatures vanquished.

Vanquished Creatures (collateral kills)
  An orc priest (D:8)
  An iguana (D:7)
  A howler monkey zombie (D:7)
3 creatures vanquished.

Vanquished Creatures (others)
  An orc (D:5)
1 creature vanquished.

Grand Total: 165 creatures vanquished

Notes
Turn   | Place    | Note
-------+----------+-------------------------------------------
     0 | D:1      | Ordine the Deep Elf Wizard began the quest for the Orb.
     0 | D:1      | Reached XP level 1. HP: 10/10 MP: 7/7
   118 | D:1      | Reached XP level 2. HP: 15/15 MP: 2/9
   179 | D:1      | Learned a level 2 spell: Blink
   978 | D:1      | Reached XP level 3. HP: 19/19 MP: 8/11
   983 | D:1      | Learned a level 3 spell: Conjure Flame
   987 | D:1      | Learned a level 3 spell: Mephitic Cloud
  1388 | D:2      | Reached skill level 5 in Spellcasting
  1388 | D:2      | Reached XP level 4. HP: 24/24 MP: 9/13
  1403 | D:2      | Reached skill level 1 in Fire Magic
  2391 | D:3      | Found a hazy altar of Hepliaklqana.
  2962 | D:4      | Reached skill level 1 in Air Magic
  3013 | D:4      | Found a burning altar of Makhleb.
  3017 | D:4      | Found a bloodstained altar of Trog.
  3019 | D:4      | Found a sparkling altar of Nemelex Xobeh.
  3019 | D:4      | Found a blossoming altar of Fedhas.
  3022 | D:4      | Found an ancient bone altar of Kikubaaqudgha.
  3024 | D:4      | Found a glowing silver altar of Zin.
  3062 | D:4      | Got a slimy trident
  3200 | D:4      | Found an ornate altar of the Wu Jian Council.
  3344 | D:4      | Reached XP level 5. HP: 28/28 MP: 14/14
  3433 | D:4      | Noticed a phantom
  3482 | D:4      | Killed a phantom
  3482 | D:4      | Reached XP level 6. HP: 17/32 MP: 0/16
  3884 | D:4      | Reached skill level 6 in Spellcasting
  4274 | D:5      | Entered Level 5 of the Dungeon
  4277 | D:5      | Noticed a water moccasin
  4279 | D:5      | Reached skill level 1 in Short Blades
  4323 | D:5      | Killed a water moccasin
  4323 | D:5      | Reached XP level 7. HP: 30/36 MP: 17/18
  4688 | D:5      | Noticed Blork the orc
  4702 | D:5      | Killed Blork the orc
  4818 | D:5      | Found a white marble altar of Elyvilon.
  4854 | D:5      | Found a deep blue altar of Sif Muna.
  4864 | D:5      | Reached XP level 8. HP: 21/41 MP: 18/19
  5031 | D:5      | Became a worshipper of Sif Muna the Loreminder
  5035 | D:5      | Learned a level 2 spell: Call Imp
  5070 | D:5      | Reached skill level 5 in Stealth
  5270 | D:5      | Noticed Edmund
  5282 | D:5      | Killed Edmund
  5386 | D:5      | Reached skill level 5 in Dodging
  5518 | D:5      | Reached skill level 1 in Poison Magic
  5761 | D:5      | Found a glowing golden altar of the Shining One.
  5761 | D:5      | Found a basalt altar of Yredelemnul.
  5766 | D:5      | Noticed an angel
  5772 | D:5      | Noticed a profane servitor
  5807 | D:5      | Found a staircase to the Ecumenical Temple.
  5815 | Temple   | Entered the Ecumenical Temple
  5953 | D:5      | Found a blossoming altar of Fedhas.
  6199 | D:6      | Reached * piety under Sif Muna
  6621 | D:6      | Reached XP level 9. HP: 45/45 MP: 21/21
  6939 | D:6      | Reached ** piety under Sif Muna
  7069 | D:7      | Found a transporter.
  7070 | D:7      | Noticed Execuda's ghost (novice MiBe)
  7419 | D:7      | Found a transporter.
  7422 | D:7      | Noticed a kobold demonologist
  7445 | D:7      | Reached skill level 7 in Spellcasting
  7511 | D:7      | Reached skill level 5 in Conjurations
  7511 | D:7      | Reached skill level 5 in Fire Magic
  7967 | D:7      | Killed Execuda's ghost
  7967 | D:7      | Reached skill level 5 in Short Blades
  7967 | D:7      | Reached skill level 5 in Air Magic
  7967 | D:7      | Reached skill level 1 in Invocations
  8181 | D:6      | Found an opulent altar of Gozag.
  8198 | D:8      | Reached skill level 1 in Fighting
  8227 | D:8      | Noticed Execuda's ghost (novice DsBe)
  8248 | D:8      | Mangled by Execuda's ghost

Vault maps used:
D:1:      minmay_arrival_plants_in_alcoves
D:3:      lemuel_doored_altar, corexii_leaking_fountain,
          minmay_misc_feat_pillars, hangedman_decor_growths, grunt_ministairs_3
D:4:      minitemple, kennysheep_mini_moat, st_stairs_3, lemuel_flame_loot_1
D:5:      grunt_temple_overflow_holy_war, grunt_temple_overflow_open,
          temple_doors_cd, first_ration, basic_altar, eino_tiny_chamber,
          uniq_blork_the_orc, uniq_edmund
D:6:      nicolae_overflow_hidden_temple
D:7:      gammafunk_wand_slinger
D:8:      erik_lair_dragon, nicolae_ossuary_entry_monument,
          hangedman_pestilent_swarm
Temple:   nicolae_temple_figure_zero

Skill      XL: |  1  2  3  4  5  6  7  8  9 |
---------------+----------------------------+-----
Conjurations   | 2 3 4 5 |  5.0
Stealth        | 3 4 5 |  5.0
Dodging        | 3 4 5 |  5.4
Spellcasting   | 5 6 7 |  7.4
Fire Magic     | 1 2 3 4 5 |  5.0
Air Magic      | 1 2 3 4 5 |  5.0
Translocations | 2 3 |  3.0
Short Blades   | 1 2 4 5 |  5.2
Poison Magic   | 2 3 |  3.3
Summonings     | 2 3 |  3.7
Invocations    | 1 |  1.4
Fighting       | 1 |  1.0

Action                   |  1- 3 |  4- 6 |  7- 9 || total
-------------------------+-------+-------+-------++-------
Melee: Dagger            |    16 |     4 |       ||    20
       Whip              |       |       |    21 ||    21
 Cast: Magic Dart        |    88 |   168 |   325 ||   581
       Mephitic Cloud    |       |     3 |    11 ||    14
       Conjure Flame     |       |     2 |     9 ||    11
       Blink             |       |     3 |     8 ||    11
       Call Imp          |       |       |    29 ||    29
  Use: Scroll            |     7 |     7 |     4 ||    18
       Potion            |     1 |       |       ||     1
 Stab: Confused          |       |     1 |     1 ||     2
  Eat: Chunk             |     1 |     9 |    11 ||    21
Armor: Robe              |     7 |    13 |    21 ||    41
Dodge: Dodged            |    29 |    20 |    93 ||   142

Table legend:
 A = Spawn XP
 B = Non-spawn XP
 C = Spawn XP percentage of total XP
 D = Spawn monster count
 E = Non-spawn monster count
 F = Spawn count percentage of total count
 G = Total turns spent on level
                    A         B        C        D         E        F      G
               +---------+---------+-------+---------+---------+-------+---------
         Total |       0 |    4585 |   0.0 |       0 |     165 |   0.0 |  8248
               +---------+---------+-------+---------+---------+-------+---------
           D:1 |       0 |      44 |   0.0 |       0 |      24 |   0.0 |  1059
           D:2 |       0 |      88 |   0.0 |       0 |      25 |   0.0 |   924
           D:3 |       0 |      37 |   0.0 |       0 |      18 |   0.0 |   930
           D:4 |       0 |     456 |   0.0 |       0 |      22 |   0.0 |  1389
           D:5 |       0 |    1392 |   0.0 |       0 |      36 |   0.0 |  1666
           D:6 |       0 |    1039 |   0.0 |       0 |      21 |   0.0 |  1122
           D:7 |       0 |    1434 |   0.0 |       0 |      15 |   0.0 |   984
           D:8 |       0 |      95 |   0.0 |       0 |       4 |   0.0 |    56
               +---------+---------+-------+---------+---------+-------+---------
